 Dungeon Crawl Stone Soup version 0.19.1 (webtiles) character file.

51 ChaseSP the Chucker (level 3, -1/37 HPs)
             Began as an Ogre Hunter on Nov 29, 2016.
             Slain by Terence
             ... wielding a +0 trident
              (3 damage)
             ... on level 3 of the Dungeon.
             The game lasted 00:02:42 (1750 turns).

ChaseSP the Chucker (Ogre Hunter)                   Turns: 1750, Time: 00:02:43

Health: -1/37      AC:  3    Str: 17    XL:     3   Next: 81%
Magic:  3/3        EV: 10    Int: 10    God:
Gold:   188        SH:  0    Dex: 11    Spells: 0 memorised, 2 levels left

rFire  . . .     SeeInvis .     a - +0 short sword
rCold  . . .     Gourm    .     b - +0 robe
rNeg   . . .     Faith    .     (no shield)
rPois  .         Spirit   .     (helmet restricted)
rElec  .         Reflect  .     (no cloak)
rCorr  .         Harm     .     (gloves unavailable)
MR     +....                    (boots unavailable)
Stlth  +.........               (no amulet)
                                (no ring)
                                k - ring of protection from magic

@: no status effects
A: unfitting armour, tough skin 1
a: no special abilities


You were on level 3 of the Dungeon.
You were not hungry.

You visited 1 branch of the dungeon, and saw 3 of its levels.

You collected 188 gold pieces.

Inventory:

Hand Weapons
 a - a +0 short sword (weapon)
 e - a +0 club
Missiles
 c - 4 large rocks (quivered)
 d - 2 throwing nets
Armour
 b - a +0 robe (worn)
Jewellery
 k - a ring of protection from magic (left hand)
 o - an uncursed ring of protection from magic
 r - an uncursed amulet of harm {unknown}
 s - an uncursed ring of ice {unknown}
Scrolls
 h - a scroll of random uselessness {unknown}
 i - 2 scrolls of magic mapping {unknown}
 m - 2 scrolls of identify {unknown}
 p - 2 scrolls of remove curse {unknown}
 q - 4 scrolls of teleportation {unknown}
Potions
 l - a potion of brilliance {unknown}
 n - a potion of flight {unknown}
Comestibles
 f - 3 bread rations
 g - a meat ration
 j - 4 fruits
 t - 2 chunks of flesh


   Skills:
 + Level 3.0 Fighting
 * Level 3.0 Maces & Flails
 - Level 4.6 Throwing
 - Level 1.7 Dodging
 - Level 0.6 Stealth


You had 2 spell levels left.
You didn't know any spells.

Dungeon Overview and Level Annotations

Branches:
Dungeon (3/15)

Altars:
Ashenzari
Hepliaklqana
Xom

Annotations:
D:3 Terence


Innate Abilities, Weirdness & Mutations

You are too large for most types of armour.
You have tough skin. (AC +1)


Message History

Terence is heavily wounded.
Terence hits you but does no damage.
You hit Terence but do no damage.
Terence is heavily wounded.
Terence hits you with a trident!
* * * LOW HITPOINT WARNING * * *
You are too injured to fight recklessly!
You are too injured to fight recklessly!
Unknown command.
a - a +0 short sword (weapon)
Terence hits you with a trident.
* * * LOW HITPOINT WARNING * * *
Throwing (i - inventory. (,) - cycle):
c - 5 large rocks (quivered)
Press: ? - help, Shift-Dir - straight line, f - Terence
Aim: Terence, wielding a trident and wearing a scale mail (heavily wounded)
You throw a large rock.
The large rock hits Terence but does no damage.
Terence is heavily wounded.
Terence hits you with a trident.
You die...

#.#...#... # #..#..#.#.
.##.##.........###
.................. ...
#.<.....# #.#
...###......####.#
<........#(#.....# ##
.#....#..#.....#@# ..
#.##.#......#.#@##.## #
#.....#####.#.....#
#..#.<.####.#.#####.
#..#................#
.#+####...........######
.....รท............#
.....###..........#
..... #..........# ####.
............#


You could see Terence.

Vanquished Creatures
  2 adders
  2 worms
  A dart slug (D:1)
  A leopard gecko (D:1)
  2 giant cockroaches
  A ball python (D:1)
  5 bats
  7 frilled lizards
  4 goblins
  4 rats
29 creatures vanquished.

Notes
Turn   | Place    | Note
-------+----------+-------------------------------------------
     0 | D:1      | ChaseSP the Ogre Hunter began the quest for the Orb.
     0 | D:1      | Reached XP level 1. HP: 22/22 MP: 1/1
   359 | D:1      | Reached skill level 1 in Maces & Flails
   646 | D:1      | Reached XP level 2. HP: 26/29 MP: 2/2
  1025 | D:2      | Reached XP level 3. HP: 36/36 MP: 3/3
  1368 | D:2      | Found a hazy altar of Hepliaklqana.
  1369 | D:2      | Found a shimmering altar of Xom.
  1371 | D:2      | Noticed a spectral ugly thing
  1394 | D:2      | Found a shattered altar of Ashenzari.
  1734 | D:3      | Noticed Terence
  1750 | D:3      | Slain by Terence

Skill      XL: |  1  2  3 |
---------------+----------+-----
Maces & Flails | 1 2 3 |  3.0
Fighting       | 3 |  3.0
Throwing       | |  4.6
Dodging        | |  1.7
Stealth        | |  0.6

Action                   || total
-------------------------++-------
Melee: Club              ||   139
       Short sword       ||     4
Throw: Large rock        ||     3
  Eat: Chunk             ||     3
Armor: Robe              ||    66
Dodge: Dodged            ||    86
